 Dungeon Crawl Stone Soup version 0.29.1-4-g47bece8355 (webtiles) character file.

Game seed: 15852316497739465371

82 Dakon the Trooper (level 4, 0/40 (41) HPs)
             Began as a Minotaur Berserker on Dec 5, 2022.
             Was a Believer of Trog.
             Succumbed to Crazy Yiuf's poison
             ... on level 2 of the Dungeon.
             The game lasted 00:03:12 (1693 turns).

Dakon the Trooper (Minotaur Berserker)              Turns: 1693, Time: 00:03:12

HP:   0/40 (41)     AC:  9    Str: 22    XL:     4   Next: 21%
MP:   3/3           EV: 13    Int:  4    God:    Trog [**....]
Gold: 53            SH:  0    Dex: 11    Spells: 3/3 levels left

rFire   . . .      SeeInvis .   a - +0 hand axe
rCold   + . .      Faith    .   (no shield)
rNeg    . . .      Spirit   .   e - +0 chain mail {rC+}
rPois   .          Reflect  .   (helmet restricted)
rElec   .          Harm     .   (no cloak)
rCorr   .          Rampage  .   (no gloves)
Will    .....                   (no boots)
Stlth   ..........              (no amulet)
HPRegen 0.13/turn               (no ring)
MPRegen 0.08/turn               (no ring)

@: confused, agile, lethally poisoned (0 -> -26), ambrosia-drunk, lightly
drained
A: horns 2, retaliatory headbutt
a: Renounce Religion, Berserk, Trog's Hand


You were on level 2 of the Dungeon.
You worshipped Trog.
Trog was pleased with you.
You visited 1 branch of the dungeon, and saw 2 of its levels.

You collected 53 gold pieces.

Inventory:

Hand Weapons
 a - a +0 hand axe (weapon)
Armour
 b - a +0 animal skin
 d - a +0 leather armour
 e - a +0 chain mail of cold resistance (worn)
Jewellery
 g - an amulet of faith
Scrolls
 f - 2 scrolls of identify
Potions
 c - a potion of curing {unknown}
 i - a potion of lignification {unknown}
 j - a potion of berserk rage {unknown}


   Skills:
 + Level 4.3 Fighting
 + Level 4.3 Axes
 + Level 3.4 Armour
 + Level 3.1 Dodging


You had 3 spell levels left.
You didn't know any spells.
Your spell library was empty.

Dungeon Overview and Level Annotations

Branches:
Dungeon (2/15)

Altars:

Annotations:
D:2 Crazy Yiuf


Innate Abilities, Weirdness & Mutations

You have a pair of horns on your head.
You reflexively headbutt those who attack you in melee.


Message History

You see here a +0 hammer of protection.
Found a hammer.
You open the door.
Crazy Yiuf whimpers, "Adder chair arga!"
You closely miss Crazy Yiuf.
You headbutt Crazy Yiuf, but do no damage.
Crazy Yiuf grits, "Ghoul down sallow!"
Crazy Yiuf hits you with a +4 quarterstaff of chaos.
Crazy Yiuf burns you.
You slash Crazy Yiuf!
Crazy Yiuf is heavily wounded.
Crazy Yiuf hits you with a +4 quarterstaff of chaos.
You feel agile all of a sudden.
Crazy Yiuf hits you with a +4 quarterstaff of chaos.
You hit Crazy Yiuf but do no damage.
Crazy Yiuf is heavily wounded.
Crazy Yiuf hits you with a +4 quarterstaff of chaos!
You feel drained.
* * * LOW HITPOINT WARNING * * *
You are too injured to fight recklessly!
You are too injured to fight recklessly!
You are confused.
You feel invigorated. Crazy Yiuf completely misses you.
You bump into the rock wall.
Crazy Yiuf hits you with a +4 quarterstaff of chaos.
* * * LOW HITPOINT WARNING * * *
You feel your power leaking away.
You bump into the stone wall.
Crazy Yiuf yells, "Lugonu!"
Crazy Yiuf hits you with a +4 quarterstaff of chaos!
* * * LOW HITPOINT WARNING * * *
You are lethally poisoned!
You bump into the rock wall.
* * * LOW HITPOINT WARNING * * *
You feel very sick.
Crazy Yiuf hits you with a +4 quarterstaff of chaos.
* * * LOW HITPOINT WARNING * * *
You are more poisoned.
You're too confused to move!
You die...

######............
#.###..
#......†..........
#......
#...................
###.###
#.......############
#.# ........# #.#
......######### #.#
......##....#)### ###
#.#
......#...PP)#.)##.).#
#.#
#..........P####@g...#
#.# #..........##
###..)# #.#
#.......#### ### #.#
........# #.#
#..####.# #.# ##.##
#.# ####.# #..# #.#
#....# ##.# #.# #.####
###.# #.# #.#


You could see Crazy Yiuf.

Vanquished Creatures
  Terence (D:2)
  4 dart slugs
  4 endoplasms (D:1)
  8 goblins (D:1)
  6 hobgoblins
  7 kobolds
  2 quokkas (D:1)
  3 ball pythons
  3 bats
  2 frilled lizards (D:2)
  3 rats
43 creatures vanquished.

Vanquished Creatures (others)
  A fungus (D:2)
1 creature vanquished.

Grand Total: 44 creatures vanquished

Notes
Turn   | Place    | Note
-------+----------+-------------------------------------------
     0 | D:1      | Dakon the Minotaur Berserker began the quest for the Orb.
     0 | D:1      | Reached XP level 1. HP: 19/19 MP: 0/0
   211 | D:1      | Reached XP level 2. HP: 22/27 MP: 1/1
   620 | D:1      | Reached XP level 3. HP: 27/33 MP: 2/2
  1470 | D:2      | Noticed Terence
  1480 | D:2      | Killed Terence
  1481 | D:2      | Reached XP level 4. HP: 29/40 MP: 3/3
  1526 | D:2      | Reached ** piety under Trog
  1681 | D:2      | Found a runed translucent door.
  1682 | D:2      | Noticed Crazy Yiuf
  1693 | D:2      | Succumbed to Crazy Yiuf's poison

Illustrated notes

Levels and vault maps discovered:
D:1:      evilmike_arrival_fibonacci_small, layout_loops_corners,
          corexii_item_surrounded_by_moat
D:2:      layout_basic, shapermc_ecumenical_altar_petra, uniq_terence,
          uniq_crazy_yiuf_cottage

Skill      XL: |  1  2  3 |
---------------+----------+-----
Axes           | 4 |  4.3
Fighting       | 4 |  4.3
Armour         | 3 |  3.4
Dodging        | 3 |  3.1

Action                   |  1- 3 |  4- 6 || total
-------------------------+-------+-------++-------
Melee: Hand axe          |    76 |    19 ||    95
       Headbutt          |    13 |     4 ||    17
       Punch             |       |     1 ||     1
  Use: Scroll            |     4 |       ||     4
       Potion            |       |     1 ||     1
Armor: Leather armour    |    11 |       ||    11
       Animal skin       |     1 |       ||     1
       Chain mail        |       |     5 ||     5
Dodge: Dodged            |    45 |    13 ||    58
